woodfighter, neutral female scurrid Tourist ---- |..-- ---...|. |....... ----|....N.. --%.|--....... |...---.......- |....|.%....... ..|......|.....|l- |.....------f@.| -.--- woodfighter the Excursionist Experience level: 8 Strength: 15 Dexterity: 13 Constitution: 12 Intelligence: 13 Wisdom: 7 Charisma: 21 Health: 0(35) Energy: 28(28) Def: 2 Gold: 10 Moves: 4496 Dungeon seed: BFPGjXGJt8QfU9BK Game ID: woodfighter_1524402834 Your Inventory: Coins $ - 10 gold pieces Weapons a - 39 +2 darts (in quiver) c - a cursed -4 dart H - 11 +0 darts X - a cursed -2 dart Armor e - an uncursed +0 elven leather helm (being worn) n - an uncursed +0 pair of low boots (being worn) r - an uncursed +0 dwarvish cloak (being worn) z - an uncursed +0 dwarvish cloak K - an uncursed +0 dwarvish cloak Y - an uncursed +0 dwarvish cloak Comestibles h - 5 uncursed food rations k - 2 uncursed eucalyptus leaves A - an uncursed sprig of wolfsbane L - 2 uncursed tripe rations Scrolls D - an uncursed scroll of identify G - an uncursed scroll of scare monster N - an uncursed scroll of enchant weapon Rings q - an uncursed ring of polymorph control (on left paw) Wands d - a wand of fire (0:6) f - a wand of digging (0:5) Tools s - an uncursed bag of holding w - an uncursed magic whistle y - an uncursed skeleton key W - an uncursed towel Contents of the bag of holding: an uncursed ring of conflict Spells and supernatural/magical abilities: Name Level Category Fail Memory W - pray for help -- divine ? -- Your skills at the end: Miscellaneous Skills wands [Basic] Weapon Skills dart [Skilled] Spellcasting Skills Final Attributes: You were devoutly aligned. Your writing paw was a little cramped from use. You had infravision. You were very stealthy. You had polymorph control. You are dead. Vanquished creatures: 2 giant mimics a wraith a panther a leprechaun a gnome king 2 dogs a housecat a blue jelly a dust vortex a gnome mummy 4 Mordor orcs a rock mole a rock piercer a fog cloud 2 gnome lords a gnomish wizard a paper golem 4 giant ants a puppy 2 floating eyes 4 dwarves a homunculus 3 kobold lords a rabid rat 2 centipedes 2 jitterbugs 2 giant bats a monkey 5 orc zombies a dwarf zombie a wererat a coyote 4 gas spores 6 hobbits 2 acid blobs a large kobold 3 geckos 9 hobgoblins a giant rat 2 brown molds 3 yellow molds a red mold 7 gnomes 2 garter snakes 5 manes a gnome zombie 14 jackals 2 foxes 2 kobolds 9 newts 5 goblins 3 sewer rats 3 grid bugs 6 lichens 145 creatures vanquished. Voluntary challenges: You did not cause conflict. You were not invisible. You did not have reflection. You were not displaced. You never hit with a wielded weapon. You did not apply a unicorn horn. You did not use plumbed fixtures. You did not drink any magical draughts. You read items or engraved 5 times, starting on turn 1996. You never genocided any monsters. You never polymorphed an object. You never changed form. You completed Sokoban on turn 4002, according to the rules. You used no wishes. You never split a pudding. You never wrote Elbereth's name. You never violated your personal moral code. Dungeon overview: The Dungeons of Doom: levels 1 to 7 Level 1 a long staircase Level 2 a hardware shop, an altar to Offler, some sinks Level 3 Level 4 (water) stairs to The Gnomish Mines Level 5 some fountains Level 6 many fountains Level 7 stairs to Sokoban The Gnomish Mines: levels 5 to 8 Level 5 stairs to The Dungeons of Doom Level 8 <- You were here Sokoban: levels 3 to 6 Level 3 a magic chest Level 4 Level 5 Level 6 an altar to Blind Io, a magic chest stairs to The Dungeons of Doom History has recorded: On T:1 you entered the Dungeons of Doom to retrieve the Amulet of Yendor! On T:42 you reached level 2 of The Dungeons of Doom. On T:313 you advanced to experience level 2. On T:378 you reached level 3 of The Dungeons of Doom. On T:439 you advanced to experience level 3. On T:734 you reached level 4 of The Dungeons of Doom. On T:958 you reached level 1 of The Gnomish Mines. On T:978 you advanced to experience level 4. On T:1000 you reached level 5 of The Dungeons of Doom. On T:1116 you reached level 6 of The Dungeons of Doom. On T:1516 you advanced to experience level 5. On T:1654 you reached level 7 of The Dungeons of Doom. On T:1915 you reached level 4 of Sokoban. On T:1937 you advanced to experience level 6. On T:1993 you opened a magic chest. On T:2318 you reached level 3 of Sokoban. On T:2582 you reached level 2 of Sokoban. On T:3104 you reached level 1 of Sokoban. On T:3110 you advanced to experience level 7. On T:4002 you advanced to experience level 8. On T:4002 you entered the Sokoban zoo. On T:4445 you reached level 4 of The Gnomish Mines. On T:4457 you prayed to The Lady. Score breakdown: Gold: 0 ( 0 points) Experience: 8 levels ( 700 points) Exploration: 8 levels ( 210 points) Discoveries: 24 items ( 1200 points) Variety of kills: 54 monsters ( 2000 points) Major goal: finished Sokoban ( 1000 points) Survival: died (score multiplied by 3) Total score: 15330 Latest messages: Welcome to experience level 8. You stop exploring. You throw 2 darts. The 1st dart hits the dwarf! The 2nd dart hits the dwarf. The dwarf wields a pick-axe! Kitty bites the dwarf. You throw 2 darts. The 1st dart hits the dwarf! You kill the dwarf! a - 3 +2 darts (in quiver). K - a hooded cloak. There are a few more objects here. a - a +2 dart (in quiver). You stop exploring. You throw 2 darts. The 1st dart hits the crocodile! The 2nd dart hits the crocodile. The crocodile bites! The crocodile claws you! The dart hits the crocodile! The crocodile bites! You die... Final status: Aloha woodfighter the Tourist, killed by a crocodile... You died in The Gnomish Mines on dungeon level 8 with 15330 points, and 10 pieces of gold, after 4496 moves. You were level 8 with a maximum of 35 hit points when you died.